 Dungeon Crawl Stone Soup version 0.14.0-17-gc0b17a5 (webtiles) character file.

318 MDvedh the Chopper (level 5, -4/45 HPs)
             Began as a Minotaur Berserker on Apr 18, 2014.
             Was a Believer of Trog.
             Killed from afar by Ijyb (27 damage)
             ... with a wand of cold
             ... on Level 3 of the Dungeon.
             The game lasted 00:02:24 (1902 turns).

MDvedh the Chopper (Minotaur Berserker)             Turns: 1902, Time: 00:02:24

HP  -4/45        AC 12     Str 22      XL: 5   Next: 54%
MP   2/2         EV  6     Int  4      God: Trog [**....]
Gold 111         SH  0     Dex 10      Spells:  0 memorised,  4 levels left

rFire  . . .     SeeInvis .     a - +0,+1 hand axe
rCold  . . .     Clarity  .     q - +1 plate armour
rNeg   . . .     Conserve .     (no shield)
rPois  .         rCorr    .     (helmet restricted)
rElec  .         rRot     .     (no cloak)
SustAb . .       Spirit   .     (no gloves)
rMut   .         Warding  .     (no boots)
Saprov . . .     Stasis   .     (no amulet)
MR     .....                    (no ring)
                                (no ring)

@: not resistant to hostile enchantments, extremely unstealthy
A: retaliatory headbutt, horns 2
a: Burn Spellbooks, Berserk, Trog's Hand, Renounce Religion


You were on level 3 of the Dungeon.
You worshipped Trog.
Trog was pleased with you.
You were not hungry.

You visited 1 branch of the dungeon, and saw 3 of its levels.

You collected 111 gold pieces.

Inventory:

Hand weapons
 a - a +0,+1 hand axe (weapon)
Armour
 q - a +1 plate armour (worn)
Comestibles
 c - 2 bread rations
 i - a meat ration
 n - 16 sultanas
Scrolls
 e - a scroll of teleportation {unknown}
 j - a scroll of enchant armour
 l - a scroll of random uselessness
Potions
 b - a potion of degeneration {unknown}
 d - 2 potions of agility {unknown}
 g - a potion of porridge
 h - a potion of lignification {unknown}
 k - a potion of haste {unknown}
 m - a potion of heal wounds {unknown}
 o - a potion of curing {unknown}
 r - a potion of restore abilities {unknown}
 s - a potion of resistance {unknown}


   Skills:
 - Level 3.6 Fighting
 + Level 7.6 Axes
 - Level 2.4 Armour
 - Level 2.1 Dodging


You had 4 spell levels left.
You didn't know any spells.

Dungeon Overview and Level Annotations

Branches:
Dungeon (3/15)

Altars:
Vehumet
Yredelemnul

Annotations:
D:3 Ijyb


Innate Abilities, Weirdness & Mutations

You reflexively headbutt those who attack you in melee.
You have a pair of horns on your head.


Message History

There are monsters nearby!
There are monsters nearby!
You closely miss the goblin. The goblin hits you but does no damage.
You slash the goblin!
You kill the goblin!
Trog accepts your kill.
Ijyb shouts!
A goblin comes into view. It is wielding a short sword.
The goblin shouts!
The goblin hits you but does no damage.
Found a scroll labeled SUINIMEJOA.
Your plate armour prevents you from hitting the goblin.
You headbutt the goblin.
You kill the goblin!
Trog accepts your kill.
Ijyb zaps a wand.
The bolt of cold hits you!
One of your 2 oily inky potions freezes and shatters!
Ijyb zaps a wand.
The bolt of cold hits you!
Ouch! That really hurt!
You die...

### #.. ########
##.#### .......#
#.....# .......#
#.....########.
.......#
#.....>........
.......#
#.).............
.......#
##[###8.....8#.
.......# #.# #.@.....#
.......# #.# #8....?8#
.......####)###.......#
...........)..#8gg...8#
####.######.###.......#
#.# #.# #8.....8# #.#
#.. #..?.... ## #.#
#...####### .# #.#
#....


You could see Ijyb and a goblin.

Vanquished Creatures
  2 orc priests (D:3)
  A human skeleton (D:2)
  Jessica (D:2)
  4 gnolls (D:2)
  3 adders
  A worm (D:2)
  A giant gecko (D:2)
  An ooze (D:1)
  An orc (D:3)
  A bat (D:2)
  A giant cockroach (D:2)
  9 goblins
  5 hobgoblins
  2 kobolds (D:1)
  5 giant newts
  A kobold zombie (D:2)
  A rat (D:2)
40 creatures vanquished.

Notes
Turn   | Place    | Note
--------------------------------------------------------------
     0 | D:1      | MDvedh, the Minotaur Berserker, began the quest for the Orb.
     0 | D:1      | Reached XP level 1. HP: 19/19 MP: 1/1
   349 | D:1      | Reached skill level 4 in Axes
   569 | D:1      | Reached XP level 2. HP: 24/26 MP: 1/1
   714 | D:2      | Noticed Jessica
   722 | D:2      | Killed Jessica
   722 | D:2      | Reached skill level 5 in Axes
   722 | D:2      | Reached XP level 3. HP: 26/31 MP: 2/2
   884 | D:2      | Noticed a human
   889 | D:2      | Found a basalt altar of Yredelemnul.
   898 | D:2      | Reached XP level 4. HP: 32/39 MP: 2/2
  1115 | D:2      | Acquired Trog's second power
  1115 | D:2      | Reached skill level 6 in Axes
  1552 | D:3      | Reached skill level 7 in Axes
  1552 | D:3      | Reached XP level 5. HP: 21/45 MP: 2/2
  1801 | D:3      | Found a radiant altar of Vehumet.
  1867 | D:3      | Noticed Ijyb
  1902 | D:3      | Killed from afar by Ijyb

Action                   |  1- 3 |  4- 6 || total
-------------------------+-------+-------++-------
Melee: Hand axe          |    45 |    75 ||   120
Invok: Berserk           |       |     2 ||     2
  Use: Scroll            |       |     5 ||     5
